NWL (28 & UNDER)
SAN DIEGO SMASHERS @ BALZAC RAMS
05/20/2027
 
TOP OF THE 1ST
San Diego Smashers batting - Pitching for Balzac Rams : RHP Steve Deal
Pitching: RHP Steve Deal
Batting: LHB Francisco Medina 0-0: Ball
1-0: Foul Ball, location: 2F
1-1: Foul Ball, location: 2F
1-2: Fly out, F9 (Flyball, 9S)
Batting: LHB Ramiro Martínez 0-0: Ball
1-0: Called Strike
1-1: SOLO HOME RUN (Flyball, 9D) (Inside the Park)
Batting: LHB Sammy Marshall 0-0: Ball
1-0: Ball
2-0: Called Strike
2-1: Called Strike
2-2: Foul Ball, location: 2F
2-2: Strikes out swinging
Batting: LHB Ken Phillips 0-0: SOLO HOME RUN (Flyball, 9LD), Distance : 412 ft
Batting: RHB Marty Hendrickson 0-0: Ball
1-0: SOLO HOME RUN (Line Drive, 7LD), Distance : 434 ft
Batting: RHB Johnny Williams 0-0: Swinging Strike
0-1: Ball
1-1: Ball
2-1: Ball
3-1: Base on Balls
Batting: RHB John Nelson 0-0: Swinging Strike
0-1: SINGLE (Line Drive, 7S)
Johnny Williams to second
Batting: RHB Larry Turner 0-0: Called Strike
0-1: Ball
1-1: Fly out, F4 (Popup, 34D)
Top of the 1st over - 3 run(s), 4 hit(s), 0 error(s), 2 left on base; San Diego 3 - Balzac 0
BOTTOM OF THE 1ST
Balzac Rams batting - Pitching for San Diego Smashers : LHP Andrew Caine
Pitching: LHP Andrew Caine
Batting: RHB Luis Suárez 0-0: Ball
1-0: Ball
2-0: DOUBLE (Flyball, 9D)
Batting: RHB Brian Parks 0-0: Foul Ball, location: 2F
0-1: Called Strike
0-2: Ball
1-2: Foul Ball, location: 2F
1-2: Ball
2-2: Strikes out swinging
Batting: RHB James Tucker 0-0: Fly out, F6 (Line Drive, 6)
Batting: RHB Jeff Stevenson 0-0: Swinging Strike
0-1: Swinging Strike
0-2: Ball
1-2: Strikes out swinging
Bottom of the 1st over - 0 run(s), 1 hit(s), 0 error(s), 1 left on base; San Diego 3 - Balzac 0
TOP OF THE 2ND
San Diego Smashers batting - Pitching for Balzac Rams : RHP Steve Deal
Batting: RHB Nate Atkinson 0-0: Called Strike
0-1: Called Strike
0-2: Ball
1-2: Foul Ball, location: 2F
1-2: Ball
2-2: Ball
3-2: Ground out 6-3 (Groundball, 6)
Batting: LHB Francisco Medina 0-0: Called Strike
0-1: Ball
1-1: Ball
2-1: Ground out 4-3 (Groundball, 4M)
Batting: LHB Ramiro Martínez 0-0: Called Strike
0-1: Foul Ball, location: 2F
0-2: Strikes out swinging
Top of the 2nd over - 0 run(s), 0 hit(s), 0 error(s), 0 left on base; San Diego 3 - Balzac 0
BOTTOM OF THE 2ND
Balzac Rams batting - Pitching for San Diego Smashers : LHP Andrew Caine
Batting: LHB Fernando Cruz 0-0: Called Strike
0-1: Ball
1-1: Ball
2-1: Foul Ball, location: 2F
2-2: Ball
3-2: Ground out 5-3 (Groundball, 56)
Batting: RHB Félix Quintero 0-0: Ball
1-0: Called Strike
1-1: Ball
2-1: Foul Ball, location: 2F
2-2: Ball
3-2: Foul Ball, location: 2F
3-2: SOLO HOME RUN (Flyball, 7D), Distance : 409 ft
Batting: LHB Daniel Carter 0-0: Ball
1-0: Foul Ball, location: 2F
1-1: Ball
2-1: Ground out 5-3 (Groundball, 25)
Batting: RHB Enrique Castillo 0-0: Ball
1-0: Ground out 1-3 (Groundball, P)
Bottom of the 2nd over - 1 run(s), 1 hit(s), 0 error(s), 0 left on base; San Diego 3 - Balzac 1
TOP OF THE 3RD
San Diego Smashers batting - Pitching for Balzac Rams : RHP Steve Deal
Batting: LHB Sammy Marshall 0-0: Ball
1-0: Ball
2-0: Ball
3-0: Called Strike
3-1: Base on Balls
Batting: LHB Ken Phillips 0-0: Ball
1-0: Called Strike
Sammy Marshall steals 2nd base
1-1: Foul Ball, location: 2F
1-2: SINGLE (Groundball, 34) (infield hit)
Sammy Marshall to third
Batting: RHB Marty Hendrickson 0-0: Ball
1-0: Grounds into double play, 6-4-3 (Groundball, 6)
Sammy Marshall scores
Batting: RHB Johnny Williams 0-0: Ball
1-0: Ball
2-0: Called Strike
2-1: SINGLE (Line Drive, 6D)
Batting: RHB John Nelson 0-0: Swinging Strike
0-1: Called Strike
0-2: Strikes out swinging
Top of the 3rd over - 1 run(s), 2 hit(s), 0 error(s), 1 left on base; San Diego 4 - Balzac 1
BOTTOM OF THE 3RD
Balzac Rams batting - Pitching for San Diego Smashers : LHP Andrew Caine
Batting: RHB Octávio Aldeguer 0-0: Called Strike
0-1: Ball
1-1: Ball
2-1: Fly out, F9 (Line Drive, 9)
Batting: RHB Luis Suárez 0-0: Foul Ball, location: 2F
0-1: Foul Ball, location: 2F
0-2: Ball
1-2: Strikes out looking
Batting: RHB Brian Parks 0-0: Ball
1-0: Ball
2-0: Ball
3-0: Called Strike
3-1: Fly out, F9 (Flyball, 9LS)
Bottom of the 3rd over - 0 run(s), 0 hit(s), 0 error(s), 0 left on base; San Diego 4 - Balzac 1
TOP OF THE 4TH
San Diego Smashers batting - Pitching for Balzac Rams : RHP Steve Deal
Batting: RHB Larry Turner 0-0: Ball
1-0: Ball
2-0: Called Strike
2-1: Fly out, F8 (Flyball, 8RS)
Batting: RHB Nate Atkinson 0-0: Ball
1-0: Reached on error, E1 (Groundball, P)
Batting: LHB Francisco Medina 0-0: Foul Ball, location: 2F
0-1: Ball
1-1: Fly out, F7 (Flyball, 78S)
Batting: LHB Ramiro Martínez 0-0: Ball
1-0: Foul Ball, location: 2F
1-1: Called Strike
1-2: Ball
2-2: Foul Ball, location: 2F
2-2: Foul Ball, location: 2F
2-2: Foul Ball, location: 2F
2-2: Ball
3-2: Foul Ball, location: 2F
3-2: Base on Balls
Nate Atkinson to second
Batting: LHB Sammy Marshall 0-0: Fly out, F7 (Flyball, 78M)
Top of the 4th over - 0 run(s), 0 hit(s), 1 error(s), 2 left on base; San Diego 4 - Balzac 1
BOTTOM OF THE 4TH
Balzac Rams batting - Pitching for San Diego Smashers : LHP Andrew Caine
Batting: RHB James Tucker 0-0: Ball
1-0: Called Strike
1-1: Ball
2-1: Ball
3-1: Base on Balls
Batting: RHB Jeff Stevenson 0-0: Foul Ball, location: 2F
0-1: Called Strike
0-2: Ball
1-2: Ball
2-2: Strikes out swinging
Batting: LHB Fernando Cruz 0-0: Called Strike
0-1: Ball
Throwing error on steal attempt, E2
James Tucker to third
1-1: Ball
2-1: Ground out 4-3 (Groundball, 4S)
Batting: RHB Félix Quintero 0-0: Called Strike
0-1: Called Strike
0-2: Ball
1-2: Foul Ball, location: 2F
1-2: Ball
2-2: Strikes out looking
Bottom of the 4th over - 0 run(s), 0 hit(s), 1 error(s), 1 left on base; San Diego 4 - Balzac 1
TOP OF THE 5TH
San Diego Smashers batting - Pitching for Balzac Rams : RHP Steve Deal
Batting: LHB Ken Phillips 0-0: Ball
1-0: Fly out, F8 (Flyball, 8LM)
Batting: RHB Marty Hendrickson 0-0: Ball
1-0: Ball
2-0: Ball
3-0: Base on Balls
Batting: RHB Johnny Williams 0-0: Ball
1-0: Fly out, F9 (Flyball, 9S)
Batting: RHB John Nelson 0-0: Called Strike
0-1: Called Strike
0-2: Ground out U3 (Groundball, 34)
Top of the 5th over - 0 run(s), 0 hit(s), 0 error(s), 1 left on base; San Diego 4 - Balzac 1
BOTTOM OF THE 5TH
Balzac Rams batting - Pitching for San Diego Smashers : LHP Andrew Caine
Batting: LHB Daniel Carter 0-0: Called Strike
0-1: Foul Ball, location: 2F
0-2: SINGLE (Groundball, 34D)
Batting: RHB Enrique Castillo 0-0: Ball
1-0: Called Strike
1-1: Foul Ball, location: 2F
1-2: Fly out, F7 (Flyball, 78D)
Batting: RHB Octávio Aldeguer 0-0: Ball
Wild Pitch!
Daniel Carter to second
1-0: Ball
2-0: Ball
Daniel Carter is caught stealing 3rd base
3-0: Base on Balls
Batting: RHB Luis Suárez 0-0: Called Strike
0-1: Ball
1-1: Foul Ball, location: 2F
1-2: Ball
Pickoff Throw by Catcher to First - Out!
Bottom of the 5th over - 0 run(s), 1 hit(s), 0 error(s), 0 left on base; San Diego 4 - Balzac 1
TOP OF THE 6TH
San Diego Smashers batting - Pitching for Balzac Rams : RHP Steve Deal
Batting: RHB Larry Turner 0-0: Swinging Strike
0-1: Called Strike
0-2: Strikes out looking
Batting: RHB Nate Atkinson 0-0: Ball
1-0: Fly out, F3 (Line Drive, 4S)
Batting: LHB Francisco Medina 0-0: Called Strike
0-1: Called Strike
0-2: Foul Ball, location: 2F
0-2: Strikes out looking
Top of the 6th over - 0 run(s), 0 hit(s), 0 error(s), 0 left on base; San Diego 4 - Balzac 1
BOTTOM OF THE 6TH
Balzac Rams batting - Pitching for San Diego Smashers : LHP Andrew Caine
Batting: RHB Luis Suárez 0-0: Ball
1-0: Called Strike
1-1: Ball
2-1: Ground out U3 (Groundball, 34)
Batting: RHB Brian Parks 0-0: Ball
1-0: Ground out 6-3 (Groundball, 6)
Batting: RHB James Tucker 0-0: Ball
1-0: Ball
2-0: Ball
3-0: Called Strike
3-1: SINGLE (Groundball, 6MD)
Pitching: RHP Duane Carlson
Batting: RHB Jeff Stevenson 0-0: Called Strike
0-1: Ball
1-1: Fly out, F2 (Popup, 15S)
Bottom of the 6th over - 0 run(s), 1 hit(s), 0 error(s), 1 left on base; San Diego 4 - Balzac 1
TOP OF THE 7TH
San Diego Smashers batting - Pitching for Balzac Rams : RHP Steve Deal
Pitching: LHP Nick Johnson
Batting: LHB Ramiro Martínez 0-0: Ball
1-0: SINGLE (Flyball, 89S)
Batting: LHB Sammy Marshall 0-0: Ball
1-0: Foul Ball, location: 2F
1-1: Fielders Choice at 2nd, 1-4 (Groundball, 15)
Batting: LHB Ken Phillips 0-0: Foul Ball, location: 2F
0-1: Ball
1-1: Called Strike
1-2: Foul Ball, location: 2F
1-2: Strikes out swinging
Batting: RHB Marty Hendrickson 0-0: Ball
1-0: Ball
2-0: Foul Ball, location: 2F
2-1: Fielders Choice at 2nd, 4-6 (Groundball, 4)
Top of the 7th over - 0 run(s), 1 hit(s), 0 error(s), 0 left on base; San Diego 4 - Balzac 1
BOTTOM OF THE 7TH
Balzac Rams batting - Pitching for San Diego Smashers : RHP Duane Carlson
Batting: LHB Fernando Cruz 0-0: Called Strike
0-1: Ball
1-1: Foul Ball, location: 2F
1-2: Fly out, F9 (Line Drive, 9S)
Batting: RHB Félix Quintero 0-0: Called Strike
0-1: Fly out, F8 (Flyball, 89D)
Batting: LHB Daniel Carter 0-0: Ball
1-0: Called Strike
1-1: Foul Ball, location: 2F
1-2: Ball
2-2: Foul Ball, location: 2F
2-2: Ball
3-2: Fly out, F7 (Flyball, 7)
Bottom of the 7th over - 0 run(s), 0 hit(s), 0 error(s), 0 left on base; San Diego 4 - Balzac 1
TOP OF THE 8TH
San Diego Smashers batting - Pitching for Balzac Rams : LHP Nick Johnson
Batting: RHB Johnny Williams 0-0: Ball
1-0: SINGLE (Line Drive, 8LS)
Batting: RHB John Nelson 0-0: Called Strike
0-1: Foul Ball, location: 2F
0-2: SINGLE (Line Drive, 3)
Johnny Williams to second
Batting: RHB Larry Turner 0-0: Called Strike
0-1: 3-RUN HOME RUN (Flyball, 78XD), Distance : 428 ft
Pitching: RHP Reid Mapstone
Batting: RHB Nate Atkinson 0-0: Ball
1-0: Ground out 4-3 (Groundball, 4)
Batting: LHB Francisco Medina 0-0: Ball
1-0: Swinging Strike
1-1: Ball
2-1: SINGLE (Line Drive, 3L)
Batting: LHB Ramiro Martínez 0-0: Ball
1-0: Fly out, F7 (Flyball, 78M)
Batting: LHB Sammy Marshall 0-0: Swinging Strike
0-1: Called Strike
0-2: Foul Ball, location: 2F
0-2: Ball
Francisco Medina is caught stealing 2nd base
Top of the 8th over - 3 run(s), 4 hit(s), 0 error(s), 0 left on base; San Diego 7 - Balzac 1
BOTTOM OF THE 8TH
Balzac Rams batting - Pitching for San Diego Smashers : RHP Duane Carlson
Now at 2B: Gilberto Guzmán
Batting: RHB Enrique Castillo 0-0: Called Strike
0-1: Ball
1-1: Called Strike
1-2: Ball
2-2: SINGLE (Groundball, 34D)
Batting: RHB Octávio Aldeguer 0-0: Ball
1-0: Swinging Strike
1-1: Swinging Strike
1-2: Foul Ball, location: 2F
1-2: Ball
2-2: Ball
3-2: Base on Balls
Enrique Castillo to second
Batting: RHB Luis Suárez 0-0: Called Strike
0-1: Ball
1-1: Foul Ball, location: 2F
1-2: Strikes out swinging
Batting: RHB Brian Parks 0-0: Fielders Choice at 2nd, 3-6 (Groundball, 34)
Enrique Castillo to third
Batting: RHB James Tucker 0-0: Ball
1-0: Ground out 1-3 (Groundball, 15S)
Bottom of the 8th over - 0 run(s), 1 hit(s), 0 error(s), 2 left on base; San Diego 7 - Balzac 1
TOP OF THE 9TH
San Diego Smashers batting - Pitching for Balzac Rams : RHP Reid Mapstone
Batting: LHB Sammy Marshall 0-0: Ball
1-0: Reached on error, E4 (Groundball, 4)
Batting: LHB Ken Phillips 0-0: Ball
1-0: Foul Ball, location: 2F
1-1: Ball
2-1: Ball
3-1: Base on Balls
Sammy Marshall to second
Batting: RHB Marty Hendrickson 0-0: Ball
1-0: Grounds into double play, 6-4-3 (Groundball, 6)
Sammy Marshall to third
Batting: RHB Johnny Williams 0-0: Foul Ball, location: 2F
0-1: Swinging Strike
0-2: Ground out 4-3 (Groundball, 4M)
Top of the 9th over - 0 run(s), 0 hit(s), 1 error(s), 1 left on base; San Diego 7 - Balzac 1
BOTTOM OF THE 9TH
Balzac Rams batting - Pitching for San Diego Smashers : RHP Duane Carlson
Now at 1B: Fred Ameris
Now in LF: Gustavo Torres
Now in RF: Ricardo Guzmán
Batting: RHB Jeff Stevenson 0-0: Called Strike
0-1: Foul Ball, location: 2F
0-2: Strikes out swinging
Batting: LHB Fernando Cruz 0-0: Called Strike
0-1: Ground out 2-3 (Groundball, 2R)
Batting: RHB Félix Quintero 0-0: Swinging Strike
0-1: Ball
1-1: Called Strike
1-2: Strikes out swinging
Bottom of the 9th over - 0 run(s), 0 hit(s), 0 error(s), 0 left on base; San Diego 7 - Balzac 1
Thursday, March 30th, 2017 - OOTP Baseball 17.12 Build 75